 Dungeon Crawl Stone Soup version 0.28.0-45-g0d030f2227 (webtiles) character file.

Game seed: 2760530404738694654

2498 Kaptain the Magician (level 9, 0/52 HPs)
             Began as a Deep Elf Fire Elementalist on Mar 30, 2022.
             Slain by a killer bee (6 damage)
             ... on level 9 of the Dungeon.
             The game lasted 00:12:44 (7708 turns).

Kaptain the Magician (Deep Elf Fire Elementalist)   Turns: 7708, Time: 00:12:44

Health: 0/52       AC:  8    Str:  5    XL:     9   Next: 28%
Magic:  20/22      EV: 13    Int: 25    God:
Gold:   323        SH:  0    Dex: 15    Spells: 16/23 levels left

rFire   + . .      SeeInvis .   a - +4 quarterstaff (chaos)
rCold   . . .      Faith    .   (shield currently unavailable)
rNeg    . . .      Spirit   .   q - +0 leather armour
rPois   +          Reflect  .   p - +2 helmet of the Salamander {rC+}
rElec   .          Harm     .   r - +0 cloak
rCorr   .          Rampage  .   i - +0 pair of gloves
Will    .....                   (no boots)
Stlth   +++.......              n - amulet of magic regeneration
HPRegen 0.17/turn               g - ring of poison resistance
MPRegen 0.58/turn               k - ring of fire

@: about to teleport
A: no striking features
a: no special abilities


You were on level 9 of the Dungeon.
You visited 2 branches of the dungeon, and saw 9 of its levels.

You collected 323 gold pieces.

Inventory:

Hand Weapons
 a - a +4 quarterstaff of chaos (weapon)
 c - a +0 rapier
Missiles
 b - 151 stones
Armour
 i - a +0 pair of gloves (worn)
 p - the +2 helmet of the Salamander (worn) {rC+}
   (You took it off Robin on level 2 of the Dungeon)

   rC:        It protects you from cold.
 q - a +0 leather armour (worn)
 r - a +0 cloak (worn)
Jewellery
 e - a +6 ring of dexterity
 g - a ring of poison resistance (left hand)
 k - a ring of fire (right hand)
 n - an amulet of magic regeneration (around neck)
 s - a ring of resist corrosion
Wands
 l - a wand of mindburst (34)
Scrolls
 f - a scroll of teleportation
 h - a scroll of enchant weapon
 j - 2 scrolls of fog
 m - a scroll of identify
 v - a scroll of blinking {unknown}
 x - a scroll of vulnerability {unknown}
Potions
 d - 3 potions of lignification
 o - 3 potions of curing {unknown}
 t - a potion of attraction {unknown}
 u - a potion of brilliance {unknown}
 w - 2 potions of cancellation {unknown}


   Skills:
 * Level 4.3 Fighting
 + Level 2.9 Armour
 + Level 5.0 Dodging
 + Level 5.4 Stealth
 * Level 7.5 Spellcasting
 * Level 5.9 Conjurations
 * Level 6.7 Fire Magic


You had 16 spell levels left.
You knew the following spells:

 Your Spells              Type           Power      Damage    Failure   Level
a - Foxfire               Conj/Fire      100%       2x1d9     1%          1
b - Scorch                Fire           100%       2d10      1%          2
c - Flame Wave            Conj/Fire      57%        2d11      8%          4

Your spell library contained the following spells:

 Spells                   Type           Power      Damage    Failure   Level
 Conjure Flame            Conj/Fire      57%        6-21      2%          3
 Inner Flame              Hex/Fire       39%        N/A       8%          3
 Slow                     Hex            36%        N/A       11%         1
 Confusing Touch          Hex            9%         N/A       30%         3
 Vampiric Draining        Necr           9%         2d6       30%         3


Dungeon Overview and Level Annotations

Branches:
Dungeon (7/15)             Temple (1/1) D:6

Altars:
Ashenzari
Cheibriados
Elyvilon
Fedhas
Gozag
Hepliaklqana
Kikubaaqudgha
Makhleb
Nemelex Xobeh
Qazlal
Ru
Sif Muna
Trog
Vehumet
Wu Jian
Xom
Yredelemnul
The Shining One

Shops:
D:2 =


Message History

The killer bee stings you.
The killer bee stings you but does no damage.
The deep elf pyromancer gestures at you while chanting.
The sticky flame misses you.
The sticky flame hits the killer bee!
The killer bee is covered in liquid flames!
The killer bee stings you. The killer bee barely misses you.
Unknown command.
Casting: Foxfire (safe; 1% risk of failure)
Confirm with . or Enter, or press ? or * to list all spells.
You feel a surge of power!
You conjure some foxfire!
The killer bee burns!
The killer bee misses you. The killer bee barely misses you.
The killer bee stings you but does no damage.
The killer bee completely misses you.
The foxfire hits the killer bee.
The killer bee is severely wounded.
The foxfire hits the deep elf pyromancer.
The deep elf pyromancer is moderately wounded.
The killer bee stings you!
The killer bee stings you but does no damage.
The killer bee stings you.
Unknown command.
Casting: Foxfire (safe; 1% risk of failure)
Confirm with . or Enter, or press ? or * to list all spells.
You feel a surge of power!
There is not enough space to conjure foxfire!
Unknown command.
Casting: Foxfire (safe; 1% risk of failure)
Confirm with . or Enter, or press ? or * to list all spells.
You feel a surge of power!
There is not enough space to conjure foxfire!
Unknown command.
As you read the scroll of teleportation, it crumbles to dust.
You feel strangely unstable.
The killer bee burns!
The killer bee dies!
The killer bee barely misses you. The killer bee closely misses you.
The killer bee misses you. x2; The killer bee stings you.
* * * LOW HITPOINT WARNING * * *
The killer bee stings you!
* * * LOW HITPOINT WARNING * * *
The killer bee stings you.
You die...

......|..#
........#
.......#
......#
#.....#
#.....#
#eyy.#
#@y.#
#yy.#
#......
#.......#
#...##..#
....# ..
....# .
....#


You could see a deep elf pyromancer and 5 killer bees.

Vanquished Creatures
  Sigmund (D:6)
  A steam dragon (D:6)
  A black bear (D:4)
  2 sky beasts
  An ice beast (D:6)
  2 necrophages
  A centaur (D:4)
  2 ogres
  3 bullfrogs
  2 scorpions
  A wyvern zombie (D:6)
  A wyvern skeleton (D:7)
  A water moccasin skeleton (D:6)
  A killer bee (D:7)
  3 electric eels (D:6)
  A howler monkey (D:6)
  A bullfrog zombie (D:5)
  3 centaur zombies
  A jelly (D:7)
  2 hounds
  Crazy Yiuf (D:3)
  3 bullfrog skeletons
  3 orc priests
  A gnoll shaman (D:4)
  2 iguanas
  An orc wizard (D:6)
  Robin (D:2)
  5 adders
  5 gnolls (D:4)
  A shadow imp (D:6)
  3 worms
  2 dart slugs
  13 orcs
  5 ball pythons
  5 endoplasms (D:1)
  2 giant cockroaches (D:4)
  23 goblins
  10 hobgoblins
  7 jackals
  5 kobolds
  A quokka (D:3)
  6 bats
  2 frilled lizards
  3 rats
141 creatures vanquished.

Vanquished Creatures (collateral kills)
  2 foxfires
2 creatures vanquished.

Vanquished Creatures (others)
  A killer bee (D:9)
  672 foxfires
  A fungus (D:3)
  A plant (D:6)
675 creatures vanquished.

Grand Total: 818 creatures vanquished

Notes
Turn   | Place    | Note
-------+----------+-------------------------------------------
     0 | D:1      | Kaptain the Deep Elf Fire Elementalist began the quest for
                  | the Orb.
     0 | D:1      | Reached XP level 1. HP: 10/10 MP: 6/6
   298 | D:1      | Reached XP level 2. HP: 14/16 MP: 4/8
   874 | D:1      | Reached XP level 3. HP: 20/20 MP: 5/9
   877 | D:1      | Learned a level 2 spell: Scorch
  1007 | D:1      | Reached skill level 1 in Fighting
  1432 | D:2      | Found Hunuethru's Jewellery Shop.
  1935 | D:2      | Identified the +2 helmet of the Salamander {rC+}
  1935 | D:2      | Noticed Robin
  1962 | D:2      | Reached XP level 4. HP: 11/25 MP: 3/11
  1965 | D:2      | Killed Robin
  2165 | D:2      | Found a faded altar of an unknown god.
  2490 | D:3      | Found a white marble altar of Elyvilon.
  2506 | D:3      | Found a bloodstained altar of Trog.
  2509 | D:3      | Found a broken altar of Ashenzari.
  2723 | D:3      | Found a burning altar of Makhleb.
  2965 | D:3      | Found a runed translucent door.
  2966 | D:3      | Noticed Crazy Yiuf
  2980 | D:3      | Killed Crazy Yiuf
  2981 | D:3      | Reached skill level 4 in Spellcasting
  2981 | D:3      | Reached XP level 5. HP: 29/29 MP: 7/13
  3379 | D:3      | Noticed a cacodemon
  3474 | D:3      | Found a basalt altar of Yredelemnul.
  3809 | D:4      | Noticed a centaur
  3812 | D:4      | Reached skill level 1 in Armour
  3818 | D:4      | Killed a centaur
  3819 | D:4      | Reached XP level 6. HP: 19/35 MP: 2/14
  4422 | D:4      | Reached XP level 7. HP: 40/40 MP: 9/16
  4428 | D:4      | Reached skill level 5 in Spellcasting
  4583 | D:5      | Entered Level 5 of the Dungeon
  4728 | D:5      | Reached skill level 5 in Fire Magic
  4925 | D:5      | Learned a level 4 spell: Flame Wave
  5322 | D:6      | Reached XP level 8. HP: 31/46 MP: 7/18
  5512 | D:6      | Noticed Sigmund
  5523 | D:6      | Reached skill level 6 in Spellcasting
  5523 | D:6      | Killed Sigmund
  5586 | D:6      | Found a shimmering altar of Xom.
  5623 | D:6      | Reached skill level 5 in Conjurations
  6308 | D:6      | Found a staircase to the Ecumenical Temple.
  6312 | Temple   | Entered the Ecumenical Temple
  6598 | D:6      | Reached skill level 5 in Stealth
  6598 | D:6      | Reached skill level 7 in Spellcasting
  6620 | D:6      | Reached XP level 9. HP: 22/52 MP: 16/21
  7585 | D:7      | Reached skill level 5 in Dodging
  7702 | D:7      | You fall into a shaft and drop 2 floors!
  7703 | D:9      | Noticed a deep elf pyromancer
  7708 | D:9      | Slain by a killer bee

Illustrated notes

Levels and vault maps discovered:
D:1:      erik_arrival_orb_chamber, layout_loops_ring, serial_rivers,
          chequers_serial_rivers_large_a, chequers_serial_rivers_marsh,
          chequers_serial_rivers_marsh, chequers_serial_rivers_room_b,
          chequers_serial_rivers_marsh, chequers_serial_rivers_micro_a,
          minmay_tromino_v7
D:2:      layout_rooms, shapermc_ecumenical_altar_mp_vishouse, serial_shops,
          shop, nicolae_underground_beach, uniq_robin
D:3:      cheibrodos_greedy_goblins, layout_rooms,
          nicolae_overflow_hidden_temple, mainiacjoe_overflow_small_starburst,
          lemuel_round_altar, makhleb_altar_promises_db, solitary_fountain,
          uniq_crazy_yiuf_cottage
D:4:      layout_gridville, chequers_serial_rivers_micro_b
D:5:      layout_basic
D:6:      wad_lake_hut, layout_gridville, mainiacjoe_overflow_catwalk,
          temple_hall_moat, uniq_sigmund
D:7:      layout_loops_corners, corexii_checkpoint_a
D:9:      layout_long_grid, zin_treasury, mainiacjoe_overflow_24_doors,
          david_lair_shrubbed, zombieorc2_lemuel, uniq_maurice
Temple:   nicolae_temple_no_exploring_needed

Skill      XL: |  1  2  3  4  5  6  7  8  9 |
---------------+----------------------------+-----
Fighting       | 1 2 3 4 |  4.3
Conjurations   | 2 3 4 5 |  5.9
Dodging        | 3 4 5 |  5.0
Stealth        | 3 4 5 |  5.4
Spellcasting   | 4 5 7 |  7.5
Fire Magic     | 4 5 6 |  6.7
Armour         | 1 2 |  2.9

Action                   |  1- 3 |  4- 6 |  7- 9 || total
-------------------------+-------+-------+-------++-------
Melee: Rapier            |       |     6 |       ||     6
       Quarterstaff      |       |     6 |    12 ||    18
 Cast: Foxfire           |    83 |   129 |   198 ||   410
       Scorch            |    10 |    15 |    17 ||    42
       Flame Wave        |       |       |     1 ||     1
  Use: Scroll            |       |       |     9 ||     9
       Potion            |       |       |     1 ||     1
Armor: Robe              |     5 |       |       ||     5
       Leather armour    |       |    15 |    29 ||    44
Dodge: Dodged            |     6 |    30 |    72 ||   108
